 Dungeon Crawl Stone Soup version 0.30-a0-634-g8abc85282e (webtiles) character file.

Game seed: 8595775637193034335

52 Bnni the Shield-Bearer (level 3, -5/20 HPs)
             Began as a Vine Stalker Fighter on Jan 14, 2023.
             Slain by Crazy Yiuf
             ... wielding a +3 quarterstaff of chaos
              (7 damage)
             ... on level 2 of the Dungeon.
             The game lasted 00:01:46 (1103 turns).

Bnni the Shield-Bearer (Vine Stalker Fighter)       Turns: 1103, Time: 00:01:46

Health: -5/20      AC:  8    Str: 18    XL:     3   Next: 85%
Magic:  0/4        EV:  9    Int:  8    God:
Gold:   84         SH:  6    Dex: 21    Spells: 2/2 levels left

rFire   + . .      SeeInvis .    a - +0 rapier
rCold   + . .      Faith    .    c - +0 buckler
rNeg    . . .      Spirit   +    b - +0 scale mail
rPois   +          Reflect  .    f - +2 hat
rElec   +          Harm     .    (no cloak)
rCorr   +          Rampage  .    (no gloves)
Will    .....                    (no boots) Stlth
                                 (no amulet)
HPRegen 0.23/turn                k - +6 ring of dexterity
MPRegen 0.09/turn                (no ring)

@: mighty, resistant
A: fangs 2, magic shield, antimagic bite, no potion heal 2
a: no special abilities


You were on level 2 of the Dungeon.
You visited 1 branch of the dungeon, and saw 2 of its levels.

You collected 84 gold pieces.

Inventory:

Hand Weapons
 a - a +0 rapier (weapon)
Missiles
 l - 2 poisoned darts (quivered)
Armour
 b - a +0 scale mail (worn)
 c - a +0 buckler (worn)
 f - a +2 hat (worn)
Jewellery
 k - a +6 ring of dexterity (left hand)
Scrolls
 g - a scroll of amnesia {unknown}
 h - 3 scrolls of identify {unknown}
 i - 2 scrolls of summoning {unknown}
 m - 2 scrolls of teleportation {unknown}
 o - a scroll of noise {unknown}
Potions
 e - a potion of haste {unknown}
 j - a potion of heal wounds {unknown}
 n - a potion of cancellation {unknown}


   Skills:
 + Level 3.0 Fighting
 * Level 2.6 Short Blades
 - Level 2.4 Armour
 * Level 3.3 Shields


You had 2 spell levels left.
You didn't know any spells.
Your spell library contained the following spells:

 Spells                   Type           Power      Damage    Failure   Level
 Sandblast                Erth           0%         2d4       88%         1
 Passwall                 Tmut/Erth      0%         N/A       95%         2
 Stone Arrow              Conj/Erth      0%         3d7       99%         3
 Animate Armour           Summ/Erth      0%         N/A       100%        4
 Lehudib's Crystal Spear  Conj/Erth      0%         10d2      100%        8


Dungeon Overview and Level Annotations

Branches:
Dungeon (2/15)

Altars:

Annotations:
D:2 Crazy Yiuf


Innate Abilities, Weirdness & Mutations

You have extremely sharp teeth.
When hurt, damage is shared between your health and your magic reserves.
Your bite disrupts and absorbs the magic of your enemies.
Potions cannot restore your health.


Message History

No target in view!
n - a bubbling emerald potion You now have 74 gold pieces (gained 11).
h - 3 scrolls labelled YXIFRIA BANEANN (gained 1)
You now have 84 gold pieces (gained 10).
o - a scroll labelled BEATZE ASHO
Found a stone staircase leading down.
Found a stone staircase leading down.
Found a hammer.
Found a runed translucent door.
Crazy Yiuf shouts!
Found 5 stones.
You open the door.
Throw: 3 darts (poison)
Press: ? - help, Shift-Dir - straight line, f - Crazy Yiuf
Aim: Crazy Yiuf, wielding a +3 quarterstaff of chaos and wearing a +1 cloak of willpower (66% to hit)
You throw a poisoned dart. The poisoned dart hits Crazy Yiuf.
Crazy Yiuf is poisoned.
Crazy Yiuf hits you with a +3 quarterstaff of chaos!
You feel your power leaking away.
Crazy Yiuf hits you with a +3 quarterstaff of chaos!
Ouch! That really hurt!
* * * LOW HITPOINT WARNING * * *
You feel protected.
Unknown command.
Okay, then.
You feel very mighty all of a sudden. You block Crazy Yiuf's attack.
You barely miss Crazy Yiuf. You bite Crazy Yiuf! You drain his power.
You feel invigorated.
Crazy Yiuf is severely wounded.
Crazy Yiuf hits you but does no damage.
You feel protected.
You barely miss Crazy Yiuf.
Crazy Yiuf is severely wounded.
Crazy Yiuf looks more healthy.
You block Crazy Yiuf's attack.
You barely miss Crazy Yiuf.
Crazy Yiuf is almost dead.
Crazy Yiuf whimpers, "Mugger wrapper unthinkable!"
Crazy Yiuf hits you with a +3 quarterstaff of chaos!
You die...

##♣♣♣♣♣ ###...♣.♣♣♣ ###
####......♣..♣#...#
#........♣♣♣♣@g...#
#.##.#..♣♣ ♣♣#..)#
#.#####♣♣ ### #.# ######
####.# #...># .....###
#### ###....#
####...######..# #......#
###.........#######......#
######.................#


You could see Crazy Yiuf.

Vanquished Creatures
  An adder (D:2)
  2 worms
  A dart slug (D:1)
  2 endoplasms
  2 giant cockroaches
  2 goblins (D:1)
  A hobgoblin (D:1)
  5 jackals (D:1)
  2 quokkas (D:1)
  3 ball pythons (D:1)
  3 bats (D:1)
  4 frilled lizards (D:1)
  2 kobolds
  6 rats
36 creatures vanquished.

Notes
Turn   | Place    | Note
-------+----------+-------------------------------------------
     0 | D:1      | Bnni the Vine Stalker Fighter began the quest for the Orb.
     0 | D:1      | Reached XP level 1. HP: 11/11 MP: 2/2
    72 | D:1      | Reached XP level 2. HP: 15/16 MP: 3/3
   362 | D:1      | Reached XP level 3. HP: 19/19 MP: 4/4
  1062 | D:2      | Found a runed translucent door.
  1063 | D:2      | Noticed Crazy Yiuf
  1099 | D:2      | HP: 1/20 [Crazy Yiuf/+3 quarterstaff of chaos (13)]
  1103 | D:2      | Slain by Crazy Yiuf

Illustrated notes

Levels and vault maps discovered:
D:1:      lemuel_arrival_broad_hall, layout_basic
D:2:      layout_rooms, corexii_corridor_pit, uniq_crazy_yiuf_cottage

Skill      XL: |  1  2  3 |
---------------+----------+-----
Short Blades   | 2 |  2.6
Shields        | 3 |  3.3
Fighting       | 3 |  3.0
Armour         | |  2.4

Action                   || total
-------------------------++-------
Melee: Rapier            ||   105
       Bite              ||    30
Throw: Dart              ||     3
  Use: Potion            ||     1
Armor: Scale mail        ||    48
Dodge: Dodged            ||    39
Block: Buckler           ||    27

Table legend: (Time is in decaauts)
 A = Elapsed time spent in this place.
 B = Non-inter-level travel time spent in this place.
 C = Inter-level travel time spent in this place.
 D = Time resting spent in this place.
 E = Time spent auto-exploring this place.
 F = Levels seen in this place.
 G = Mean time per level.
                   A        B        C        D        E       F      G
               +--------+--------+--------+--------+--------+-----+--------+
         Total |   1118 |   1030 |     88 |     27 |    768 |   2 |  559.0 |
       Dungeon |   1118 |   1030 |     88 |     27 |    768 |   2 |  559.0 |
               +--------+--------+--------+--------+--------+-----+--------+

Top non-repeatable levels by time:
     D:1: 805 daAuts
     D:2: 313 daAuts
